 Dungeon Crawl Stone Soup version 0.28.0-53-g5a82cb258f (webtiles) character file.

Game seed: 3642116377206776901

1312 Zeld the Chopper (level 8, -3/111 HPs)
             Began as a Minotaur Berserker on June 10, 2022.
             Was a Priest of Trog.
             Slain by a two-headed ogre
             ... wielding a +0 giant spiked club
              (12 damage)
             ... on level 6 of the Dungeon.
             The game lasted 00:04:05 (6923 turns).

Zeld the Chopper (Minotaur Berserker)               Turns: 6923, Time: 00:04:06

Health: -3/111     AC:  3    Str: 25    XL:     8   Next: 32%
Magic:  7/7        EV: 13    Int:  4    God:    Trog [***...]
Gold:   125        SH:  0    Dex:  9    Spells: 7/7 levels left

rFire   . . .      SeeInvis .   e - +2 club (spect)
rCold   . . .      Faith    .   (no shield)
rNeg    . . .      Spirit   .   b - +0 animal skin
rPois   +          Reflect  .   (helmet restricted)
rElec   .          Harm     .   n - scarf {repulsion}
rCorr   .          Rampage  .   (no gloves)
Will    .....                   q - +0 pair of boots
Stlth   ..........              (no amulet)
HPRegen 0.28/turn               c - ring of poison resistance
MPRegen 0.10/turn               (no ring)

@: berserking, repel missiles, very quick
A: horns 2, retaliatory headbutt
a: Renounce Religion, Berserk, Trog's Hand


You were on level 6 of the Dungeon.
You worshipped Trog.
Trog was most pleased with you.
You visited 1 branch of the dungeon, and saw 7 of its levels.

You collected 203 gold pieces.
You spent 78 gold pieces at shops.

Inventory:

Hand Weapons
 a - a +0 hand axe
 e - a +2 spectral club (weapon)
Armour
 b - a +0 animal skin (worn)
 n - a scarf of repulsion (worn)
 q - a +0 pair of boots (worn)
Jewellery
 c - a ring of poison resistance (left hand)
Scrolls
 f - 2 scrolls of fear
 h - 3 scrolls of identify {unknown}
 k - a scroll of enchant armour {unknown}
 l - a scroll of amnesia {unknown}
 m - 3 scrolls of teleportation
 r - a scroll of brand weapon {unknown}
 s - a scroll of silence {unknown}
 t - a scroll of immolation {unknown}
Potions
 d - 3 potions of curing {unknown}
 g - 2 potions of might {unknown}
 i - a potion of invisibility {unknown}
 j - 2 potions of degeneration {unknown}
 o - 2 potions of haste {unknown}
 p - a potion of berserk rage {unknown}
 u - a potion of lignification {unknown}


   Skills:
 * Level 7.9 Fighting
 * Level 7.9 Axes
 + Level 5.4 Armour
 + Level 4.9 Dodging


You had 7 spell levels left.
You didn't know any spells.
Your spell library was empty.

Dungeon Overview and Level Annotations

Branches:
Dungeon (7/15)
 Temple: D:4-7

Altars:
Sif Muna

Shops:
D:3 ?

Annotations:
D:3 3 runed translucent doors, quokkamancerX's ghost, amateur MfSu


Innate Abilities, Weirdness & Mutations

You have a pair of horns on your head.
You reflexively headbutt those who attack you in melee.


Message History

There is an open door here.
There is an open door here.
There is an open door here.
There is an open door here.
Found a stone staircase leading up.
There is a stone staircase leading down here.
There is a stone staircase leading down here.
An ufetubus comes into view.
An ufetubus is nearby!
You hit the ufetubus.
You punch the ufetubus, but do no damage.
The ufetubus is severely wounded.
Your +2 spectral club hits the ufetubus.
You kill the ufetubus!
Trog accepts your kill.
You swap places.
A two-headed ogre comes into view.
It is wielding a +0 giant spiked club and a +0 giant club.
The two-headed ogre shouts in stereo!
A two-headed ogre is nearby!
The two-headed ogre barely misses you.
The two-headed ogre hits you with a +0 giant club!!
A red film seems to cover your vision as you go berserk!
You feel yourself moving faster!
You feel mighty!
The two-headed ogre hits you with a +0 giant spiked club!
The two-headed ogre completely misses you.
You sock the two-headed ogre!
Your headbutt misses the two-headed ogre.
The two-headed ogre is lightly wounded.
The two-headed ogre misses you.
The two-headed ogre hits you with a +0 giant club!!
* * * LOW HITPOINT WARNING * * *
Unknown command.
You thump the two-headed ogre!
The two-headed ogre is moderately wounded.
You hit the two-headed ogre. You headbutt the two-headed ogre!
The two-headed ogre is severely wounded.
The two-headed ogre hits you with a +0 giant spiked club!!
* * * LOW HITPOINT WARNING * * *
The two-headed ogre hits you with a +0 giant club!
You die...

# #############
..##........# ###
#.##.######.# #..
#.##.# #.# #.#
..#.###.##.######.#
#.#
........O@.....##.#
#.#
#.#.#...##.###.##.#
#.# #.#.##.###.##.#
#.#
.....##.....>..#
#..
#.#.#######...###
#### ...#. #...#
#... .#. . #<..#
#.## # ## ###.#
#.## #.# #####.##


You could see a two-headed ogre.

Vanquished Creatures
  A wyvern (D:5)
  A water moccasin (D:6)
  A sky beast (D:7)
  An ogre (D:6)
  2 centaurs
  A phantom (D:6)
  3 scorpions
  4 hounds
  A jelly (D:5)
  A centaur skeleton (D:5)
  An iguana (D:6)
  A scorpion zombie (D:5)
  3 orc wizards
  A howler monkey zombie (D:6)
  Robin (D:2)
  4 adders (D:3)
  2 white imps
  2 ufetubi (D:6)
  A dart slug (D:1)
  12 orcs
  5 ball pythons
  4 bats
  7 endoplasms
  A giant cockroach (D:1)
  10 goblins
  11 hobgoblins
  2 jackals (D:2)
  4 quokkas
  5 frilled lizards
  6 kobolds
  2 rats (D:1)
101 creatures vanquished.

Notes
Turn   | Place    | Note
-------+----------+-------------------------------------------
     0 | D:1      | Zeld the Minotaur Berserker began the quest for the Orb.
     0 | D:1      | Reached XP level 1. HP: 19/19 MP: 0/0
   315 | D:1      | Reached XP level 2. HP: 22/27 MP: 1/1
  1404 | D:2      | Noticed Robin
  1411 | D:2      | Reached XP level 3. HP: 21/33 MP: 2/2
  1420 | D:2      | Killed Robin
  1427 | D:2      | Reached ** piety under Trog
  1639 | D:2      | Found a faded altar of an unknown god.
  2527 | D:3      | Reached XP level 4. HP: 38/41 MP: 3/3
  2661 | D:3      | Noticed a scorpion
  2666 | D:3      | Killed a scorpion
  2667 | D:3      | Reached skill level 5 in Fighting
  2667 | D:3      | Reached XP level 5. HP: 48/48 MP: 4/4
  2703 | D:3      | Found Qeiquady's Magic Scroll Shoppe.
  2707 | D:3      | Bought a scroll of fear for 42 gold pieces
  2707 | D:3      | Bought a scroll of teleportation for 36 gold pieces
  2800 | D:3      | Found a runed translucent gate.
  2800 | D:3      | Found a runed translucent gate.
  2801 | D:3      | Found a runed translucent gate.
  2868 | D:3      | Reached skill level 5 in Axes
  3447 | D:3      | Noticed quokkamancerX's ghost (amateur MfSu)
  4184 | D:4      | Found a shimmering blue altar of Sif Muna.
  4211 | D:4      | Reached XP level 6. HP: 35/57 MP: 5/5
  4992 | D:5      | Entered Level 5 of the Dungeon
  5088 | D:5      | Noticed a wyvern
  5097 | D:5      | Killed a wyvern
  5098 | D:5      | Reached XP level 7. HP: 54/64 MP: 6/6
  5646 | D:5      | You fall into a shaft and drop 2 floors!
  5805 | D:6      | HP: 2/99 [water moccasin (8)]
  5808 | D:6      | Reached skill level 5 in Armour
  5808 | D:6      | Reached XP level 8. HP: 2/73 MP: 7/7
  5811 | D:6      | HP: 3/109 [poisoned by a water moccasin]
  5812 | D:6      | HP: 1/73 [poisoned by a water moccasin]
  6301 | D:5      | Reached *** piety under Trog
  6914 | D:6      | Noticed a two-headed ogre
  6923 | D:6      | Slain by a two-headed ogre

Illustrated notes

Levels and vault maps discovered:
D:1:      giann_horns, layout_loops_corners, minmay_tetromino_s2
D:2:      layout_loops_corners, ebering_ecumenical_altar_abandoned, uniq_robin
D:3:      layout_basic, gammafunk_ghost_icy, serial_shops, shop
D:4:      layout_gridville, mainiacjoe_overflow_alcove_1, serial_glass,
          glass_columns_a, glass_columns_a, glass_columns_a, glass_columns_c,
          glass_columns_a, glass_columns_a, glass_columns_b, glass_columns_b,
          glass_columns_a, glass_columns_b, glass_columns_a, glass_columns_a,
          glass_columns_b, glass_columns_b, grunt_ministairs_1
D:5:      layout_basic, minmay_misc_feat_chi, kennysheep_cross_room,
          minmay_stone_trees_small
D:6:      layout_loops_corners, minmay_temple_entry_ruins, uniq_blork_the_orc
D:7:      layout_gridville, nicolae_qazlal_style_of_elements,
          gammafunk_ghost_nasty_kobolds, uniq_menkaure

Skill      XL: |  1  2  3  4  5  6  7 |
---------------+----------------------+-----
Fighting       | 4 5 6 7 |  7.9
Axes           | 4 5 6 7 |  7.9
Armour         | 3 4 5 |  5.4
Dodging        | 3 4 |  4.9

Action                   |  1- 3 |  4- 6 |  7- 9 || total
-------------------------+-------+-------+-------++-------
Melee: Hand axe          |    69 |       |       ||    69
       Headbutt          |    12 |    21 |    13 ||    46
       Club              |    21 |   101 |    71 ||   193
       Punch             |       |     1 |     2 ||     3
Invok: Berserk           |       |     3 |     2 ||     5
       Trog's Hand       |       |       |     1 ||     1
 Stab: Sleeping          |     1 |       |     1 ||     2
Armor: Animal skin       |    16 |    19 |    11 ||    46
Dodge: Dodged            |    51 |    65 |    49 ||   165
       Repelled          |       |       |     1 ||     1
